 Dungeon Crawl Stone Soup version 0.28-a0-1182-g381e24db82 (webtiles) character file.

Game seed: 7899183004756650251

672 bearlyready the Spear-Bearer (level 7, -8/50 HPs)
             Began as a Merfolk Gladiator on Dec 16, 2021.
             Was an Initiate of Yredelemnul.
             Mangled by an unseen horror (9 damage)
             ... on level 5 of the Dungeon.
             The game lasted 00:04:12 (4298 turns).

bearlyready the Spear-Bearer (Merfolk Gladiator)    Turns: 4298, Time: 00:04:12

Health: -8/50      AC:  7    Str: 17    XL:     7   Next: 58%
Magic:  7/7        EV: 11    Int:  7    God:    Yredelemnul [......]
Gold:   210        SH: 13    Dex: 21    Spells: 6/6 levels left

rFire   . . .      SeeInvis .   a - +0 trident
rCold   . . .      Faith    .   q - +2 buckler
rNeg    . . .      Spirit   .   m - +0 scale mail
rPois   .          Reflect  +   c - +0 helmet
rElec   .          Harm     .   (no cloak)
rCorr   .          Rampage  .   (no gloves)
Will    .....                   (no boots)
Stlth   ..........              v - amulet of reflection
HPRegen 0.16/turn               l - +6 ring of dexterity
MPRegen 0.10/turn               (no ring)

@: no status effects
A: (nimble swimmer 2), mertail
a: Renounce Religion, Recall Undead Harvest


You were on level 5 of the Dungeon.
You worshipped Yredelemnul.
Yredelemnul was noncommittal.
You visited 1 branch of the dungeon, and saw 5 of its levels.

You collected 210 gold pieces.

Inventory:

Hand Weapons
 a - a +0 trident (weapon)
Armour
 b - a +0 leather armour
 c - a +0 helmet (worn)
 f - a +0 ring mail
 m - a +0 scale mail (worn)
 q - a +2 buckler (worn)
Jewellery
 l - a +6 ring of dexterity (left hand)
 v - an amulet of reflection (around neck)
Scrolls
 e - a scroll of teleportation {unknown}
 g - 2 scrolls of enchant weapon {unknown}
 j - 4 scrolls of identify {unknown}
 o - a scroll of noise {unknown}
 p - a scroll of vulnerability {unknown}
 r - a scroll of brand weapon {unknown}
 w - a scroll of fear {unknown}
Potions
 h - a potion of invisibility {unknown}
 i - a potion of flight {unknown}
 n - a potion of heal wounds {unknown}
 s - a potion of magic {unknown}
 t - a potion of brilliance {unknown}


   Skills:
 - Level 2.1 Fighting
 + Level 10.3 Polearms
 - Level 2.0 Throwing
 - Level 4.0 Dodging
 + Level 4.4 Shields


You had 6 spell levels left.
You didn't know any spells.
Your spell library was empty.

Dungeon Overview and Level Annotations

Branches:
Dungeon (5/15)
 Temple: D:4-7

Altars:
Dithmenos
Qazlal
Vehumet
Wu Jian
Yredelemnul
The Shining One

Shops:
D:5 :

Annotations:
D:5 exclusion: statue


Innate Abilities, Weirdness & Mutations

((You are quick and stealthy near water. (Stealth+, EV+, Speed+++)))
Your lower body shifts to a powerful aquatic tail in water.


Message History

You closely miss something. Something hits you.
You swing at nothing.
You block something's attack.
You hit something. Something hits you.
You swing at nothing.
You block something's attack. Something hits you!
You closely miss something. Something hits you.
You barely miss something. Something hits you. x2
You hit something. Something hits you.
You closely miss something. Something hits you but does no damage.
You swing at nothing.
Something hits you.
You closely miss something. Something hits you.
You swing at nothing.
Something hits you.
You swing at nothing.
Something hits you but does no damage.
You miss something. Something hits you but does no damage.
You swing at nothing.
You block something's attack.
You closely miss something. Something hits you.
You swing at nothing.
You barely miss something. Something hits you but does no damage.
You swing at nothing.
Something hits you.
* * * LOW HITPOINT WARNING * * *
You swing at nothing.
Something hits you but does no damage.
You hit something. You block something's attack. Something hits you.
* * * LOW HITPOINT WARNING * * *
You barely miss something. Something hits you.
* * * LOW HITPOINT WARNING * * *
Throw: throwing net
Press: ? - help, Q - select action, (/) - cycle Shift-Dir - straight line You throw a throwing net.
Something gets caught in the net!
Something wriggles in the net. x2; All of a sudden the net rips apart!
Something hits you.
* * * LOW HITPOINT WARNING * * *
You hit something.
Something hits you but does no damage. x2
You hit something but do no damage. Something hits you.
* * * LOW HITPOINT WARNING * * *
You feel better. Something hits you.
* * * LOW HITPOINT WARNING * * *
You swing at nothing.
Something hits you!
* * * LOW HITPOINT WARNING * * *
You hit something but do no damage. Something hits you!
You die...
Your body rises from the dead as a mindless zombie.

#..# # ##.##### .#
##≈≈.≈≈##.#
#≈≈≈.≈≈≈.+## #
#≈≈⌠.⌠≈≈...## ### .##
#...∩.......###.# ....
.≈≈⌠.⌠≈≈.....##.# ...#
.≈≈≈.≈≈≈......#.##....#
..≈≈.≈≈.......'.@{....#
.####.........#.##....#
...###.......##.# .#.#
...# ##.....###.# #
...# ##...## #..
#.#######'## ###
........#.#######
..#####.........#
...####.#.#####.#


There were no monsters in sight!

Vanquished Creatures
  A water moccasin (D:4)
  2 ogres (D:5)
  A phantom (D:4)
  A water moccasin skeleton (D:5)
  2 jellies
  3 hounds
  An iguana (D:3)
  An adder (D:2)
  An adder skeleton (D:4)
  A worm (D:2)
  A dart slug (D:4)
  8 endoplasms
  5 giant cockroaches
  11 hobgoblins
  6 jackals
  4 quokkas
  8 ball pythons
  2 bats
  A frilled lizard (D:1)
  13 goblins
  7 kobolds
  7 rats
87 creatures vanquished.

Vanquished Creatures (others)
  7 fungi (D:5)
7 creatures vanquished.

Grand Total: 94 creatures vanquished

Notes
Turn   | Place    | Note
-------+----------+-------------------------------------------
     0 | D:1      | bearlyready the Merfolk Gladiator began the quest for the
                  | Orb.
     0 | D:1      | Reached XP level 1. HP: 16/16 MP: 1/1
   157 | D:1      | Reached skill level 5 in Polearms
   160 | D:1      | Reached XP level 2. HP: 20/22 MP: 2/2
   621 | D:1      | Reached skill level 6 in Polearms
   621 | D:1      | Reached XP level 3. HP: 27/27 MP: 3/3
  1296 | D:2      | Found a faded altar of an unknown god.
  1660 | D:2      | Reached XP level 4. HP: 32/33 MP: 4/4
  1663 | D:2      | Reached skill level 7 in Polearms
  2305 | D:4      | Noticed a phantom
  2336 | D:4      | Killed a phantom
  2337 | D:4      | Reached skill level 8 in Polearms
  2337 | D:4      | Reached skill level 1 in Shields
  2337 | D:4      | Reached XP level 5. HP: 17/38 MP: 5/5
  2560 | D:4      | Found an ornate altar of the Wu Jian Council.
  2586 | D:4      | Found a stormy altar of Qazlal.
  2643 | D:4      | Noticed a water moccasin
  2652 | D:4      | Killed a water moccasin
  2653 | D:4      | Reached skill level 9 in Polearms
  2653 | D:4      | Reached XP level 6. HP: 14/44 MP: 6/6
  3450 | D:5      | Entered Level 5 of the Dungeon
  3464 | D:5      | Reached XP level 7. HP: 50/50 MP: 7/7
  3475 | D:5      | Found a shadowy altar of Dithmenos.
  3863 | D:5      | Reached skill level 10 in Polearms
  4097 | D:5      | Identified the +4 hunting sling "Gockul" {vorpal, rN++
                  | Str-2}
  4124 | D:5      | Found Betry's Self-Improvement Boutique.
  4213 | D:5      | Found a glowing golden altar of the Shining One.
  4215 | D:5      | Noticed an angel
  4227 | D:5      | Found a basalt altar of Yredelemnul.
  4229 | D:5      | Noticed a profane servitor
  4234 | D:5      | Became a worshipper of Yredelemnul the Dark
  4252 | D:5      | Found a radiant altar of Vehumet.
  4297 | D:5      | HP: 1/50 [something (7)]
  4298 | D:5      | Mangled by an unseen horror

Illustrated notes

Levels and vault maps discovered:
D:1:      shiori_arrival_oz, layout_basic, bh_walls_and_bars
D:2:      cheibrodos_greedy_goblins, layout_rooms,
          chequers_ecumenical_altar_simple_redux
D:3:      layout_rooms
D:4:      layout_loops_ring, grunt_qazlal_sundering, nzn_wu_jian_contemplation,
          minivault_24
D:5:      layout_loops_corners, grunt_temple_overflow_holy_war, vehumet_statue,
          nicolae_dithmenos_the_darkroom, serial_aquarium,
          aquarium_bridge_square [aquarium_subvault_bridge,
          aquarium_subvault_wall, aquarium_subvault_window,
          aquarium_subvault_bridge], aquarium_window_fake, aquarium_window_fake,
          aquarium_window_1, aquarium_view_2a, nicolae_shop_self_help

Skill      XL: |  1  2  3  4  5  6  7 |
---------------+----------------------+-----
Polearms       | 5 6 8 9 10 | 10.3
Shields        | 1 2 3 4 |  4.4
Fighting       | |  2.1
Throwing       | |  2.0
Dodging        | |  4.0

Action                   |  1- 3 |  4- 6 |  7- 9 || total
-------------------------+-------+-------+-------++-------
Melee: Trident           |   128 |   141 |    48 ||   317
Throw: Throwing net      |       |     2 |     2 ||     4
Evoke: Wand              |       |       |     1 ||     1
  Use: Potion            |       |     2 |     2 ||     4
 Stab: Sleeping          |     1 |       |       ||     1
Armor: Leather armour    |     6 |       |       ||     6
       Ring mail         |    28 |    12 |       ||    40
       Scale mail        |       |    19 |    10 ||    29
Dodge: Dodged            |    49 |    39 |     5 ||    93
Block: Buckler           |       |    16 |    19 ||    35
       Reflection        |       |       |     1 ||     1

Table legend: (Time is in decaauts)
 A = Elapsed time spent in this place.
 B = Non-inter-level travel time spent in this place.
 C = Inter-level travel time spent in this place.
 D = Time resting spent in this place.
 E = Time spent auto-exploring this place.
 F = Levels seen in this place.
 G = Mean time per level.
                   A        B        C        D        E       F      G
               +--------+--------+--------+--------+--------+-----+--------+
         Total |   4236 |   4113 |    123 |     38 |   3392 |   5 |  847.2 |
       Dungeon |   4236 |   4113 |    123 |     38 |   3392 |   5 |  847.2 |
               +--------+--------+--------+--------+--------+-----+--------+

Top non-repeatable levels by time:
     D:4: 1188 daAuts
     D:1: 1098 daAuts
     D:5: 817 daAuts
     D:2: 663 daAuts
     D:3: 468 daAuts
